 Dungeon Crawl Stone Soup version 0.31-a0-986-g5e6e4ef867 (webtiles) character file.

Game seed: 2583575000733983934

7989 FakeRyeBread the Basher (level 11, -8/71 HPs)
             Began as a Gargoyle Fighter on Nov 5, 2023.
             Was a Priest of Okawaru.
             Mangled by a shadow wraith (15 damage)
             ... on level 2 of the Abyss.
             The game lasted 00:31:52 (9889 turns).

FakeRyeBread the Basher (Gargoyle Fighter)          Turns: 9889, Time: 00:31:54

Health: -8/71      AC: 32    Str: 24    XL:     11   Next: 23%
Magic:  12/12      EV:  6    Int:  9    God:    Okawaru [***...]
Gold:   564        SH: 10    Dex:  9    Spells: 10/10 levels left

rFire   + . .        p - +1 morningstar (heavy)
rCold   + . .        y - +0 kite shield
rNeg    + . .        t - +0 plate armour
rPois   ∞            x - +2 helmet
rElec   +            o - +2 cloak
rCorr   +            v - +2 pair of gloves
SInv    .            (no boots)
Will    .....        (no amulet) Stlth
                     k - ring of flight
HPRegen 0.31/turn    (no ring)
MPRegen 0.13/turn

%: no passive effects
@: resistant, flying, slowed, very slow
A: sickness immunity, AC +8, negative energy resistance 1, electricity
resistance, torment resistance 1, petrification resistance
a: Renounce Religion, Heroism


You were on level 2 of the Abyss.
You worshipped Okawaru.
Okawaru was most pleased with you.
You visited 2 branches of the dungeon, and saw 10 of its levels.
You visited the Abyss 1 time.
You also visited: Sewer.

You collected 564 gold pieces.

Inventory:

Hand Weapons
 p - a +1 heavy morningstar (weapon)
Missiles
 s - 4 boomerangs (quivered)
 z - a throwing net
Armour
 o - a +2 cloak (worn)
 t - a +0 plate armour (worn)
 v - a +2 pair of gloves (worn)
 x - a +2 helmet (worn)
 y - a +0 kite shield (worn)
Jewellery
 k - a ring of flight (left hand)
 u - a ring of wizardry
Wands
 A - a wand of roots (5)
 B - a wand of flame (9)
Scrolls
 a - 2 scrolls of vulnerability
 e - 3 scrolls of blinking
 j - 2 scrolls of teleportation
Potions
 b - 3 potions of curing
 c - a potion of haste
 d - 4 potions of might
 f - a potion of resistance
 g - a potion of enlightenment
 h - 5 potions of lignification
 i - a potion of mutation
 l - 2 potions of ambrosia
 n - a potion of berserk rage
 q - 3 potions of degeneration
 r - a potion of attraction
 w - a potion of invisibility


   Skills:
 + Level 9.5 Fighting
 * Level 11.6 Maces & Flails
 + Level 9.5 Armour
 + Level 9.6 Shields
 + Level 1.9 Invocations


You had 10 spell levels left.
You didn't know any spells.
Your spell library contained the following spells:

 Spells                   Type           Power      Damage    Failure   Level
 Apportation              Tloc           0%         N/A       100%        1
 Jinxbite                 Hex            0%         N/A       100%        2
 Poisonous Vapours        Pois/Air       0%         N/A       100%        2
 Dazzling Flash           Conj/Hex       0%         N/A       100%        3
 Mephitic Cloud           Conj/Pois/Air  0%         N/A       100%        3
 Brom's Barrelling Bould  Conj/Erth      0%         2d3       100%        4
 Agony                    Necr           0%         N/A       100%        5
 Alistair's Intoxication  Tmut/Pois      0%         N/A       100%        5
 Fireball                 Conj/Fire      0%         3d3       100%        5
 Freezing Cloud           Conj/Ice/Air   0%         6-21      100%        5
 Iskenderun's Battlesphe  Conj           0%         2d6       100%        5
 Silence                  Hex/Air        0%         N/A       100%        5
 Conjure Ball Lightning   Conj/Air       0%         3x3d6     100%        6
 Orb of Destruction       Conj           0%         9d5       100%        7
 Summon Forest            Summ/Tloc      Unusable   N/A       N/A         5
 Summon Mana Viper        Hex/Summ       Unusable   N/A       N/A         5
 Summon Cactus Giant      Summ           Unusable   N/A       N/A         6

Dungeon Overview and Level Annotations

Branches:
Dungeon (9/15)             Temple (1/1) D:6            Lair (0/5) D:8
  Sewer (visited)
    Orc: D:9-12

Altars:
Ashenzari
Cheibriados
Dithmenos
Elyvilon
Fedhas
Gozag
Kikubaaqudgha
Makhleb
Nemelex Xobeh
Okawaru
Qazlal
Ru
Sif Muna
Uskayaw
Vehumet
Wu Jian
Xom
Yredelemnul
Zin
The Shining One

Shops:
D:3 =   D:8 (

Annotations:
D:9 Erolcha


Innate Abilities, Weirdness & Mutations

You are immune to sickness and miasma.
Your stone body is resilient. (AC +8)
You are immune to poison.
You resist negative energy. (rN+)
You are resistant to electric shocks. (rElec)
You are resistant to unholy torment.
You are immune to petrification.


Message History

You feel as though you will be slow longer.
The wretched star moves out of view.
An ancient zyme comes into view.
You block something's attack.
A small abomination comes into view.
Something hits you but does no damage. Something hits you!
Something drains your vigour!
You feel as though you will be slow longer.
Something hits you but does no damage. Something hits you.
Something hits you but does no damage. Something hits you.
Something drains your vigour!
You feel as though you will be slow longer.
Something hits you! Something drains your vigour!
You feel as though you will be slow longer.
Something hits you but does no damage. x2
A small abomination comes into view.
Something hits you but does no damage.
The small abomination hits you but does no damage.
The small abomination hits you but does no damage.
You spit the small abomination like a pig!!!
You destroy the small abomination!
Okawaru accepts your kill. Something hits you!
* * * LOW HITPOINT WARNING * * *
Something drains your vigour!
You feel as though you will be slow longer.
Something hits you!
* * * LOW HITPOINT WARNING * * *
Something drains your vigour!
You feel as though you will be slow longer.
You block something's attack.
You feel much better. Something hits you!
You feel protected. Something hits you!
* * * LOW HITPOINT WARNING * * *
Something drains your vigour!
You feel as though you will be slow longer.
Something hits you but does no damage. Something hits you!
You die...

.. ......
#...#..#####
.##...#......#
...#..#§ .... ..
#....#.#..## ..#
#....#.#.### ...
#.#.#@...#.# ..#.#
#.##{....#...
.....##..x#.#....#
.# .....x#..#.#.#
....##..##.#..#..##
#.....##..... .#
#....#...#..#.# §
#. #.#..###...#...
.. #..# .#. #...#.


You could see an ancient zyme and a small abomination.

Vanquished Creatures
  A two-headed ogre (D:9)
  Pikel (D:7)
  An elephant (D:8)
  A gargoyle (Temple)
  A komodo dragon (D:8)
  2 shadows
  Eustachio (D:4)
  A wraith (D:9)
  4 yaks (D:8)
  2 steam dragons
  Edmund (D:4)
  A small abomination (Abyss:2)
  A water moccasin (D:9)
  4 orc warriors
  An ice beast (D:5)
  2 black bears
  An ogre (D:6)
  2 centaurs
  4 kobold brigands
  4 phantoms
  3 bullfrogs
  A gnoll sergeant (D:7)
  4 scorpions
  8 killer bees
  A howler monkey (D:6)
  2 jellies
  4 hounds
  3 orc priests
  2 gnoll boudas
  3 iguanas (D:5)
  3 sleepcaps
  6 orc wizards
  Robin (D:4)
  24 gnolls
  8 adders
  A shadow imp (D:6)
  2 white imps
  2 ufetubi (D:5)
  6 worms
  3 dart slugs
  42 orcs
  20 ball pythons
  10 endoplasms
  16 giant cockroaches
  18 goblins
  13 hobgoblins
  A jackal (D:1)
  63 kobolds
  5 quokkas
  3 training dummies (D:8)
  8 bats
  13 frilled lizards
  13 rats
348 creatures vanquished.

Vanquished Creatures (others)
  An orc (D:3)
  4 kobolds (D:9)
  4 starspawn tentacles (Abyss:2)
9 creatures vanquished.

Grand Total: 357 creatures vanquished

Notes
Turn   | Place    | Note
-------+----------+-------------------------------------------
     0 | D:1      | FakeRyeBread the Gargoyle Fighter began the quest for the
                  | Orb.
     0 | D:1      | Reached XP level 1. HP: 14/14 MP: 1/1
   151 | D:1      | Reached XP level 2. HP: 19/19 MP: 2/2
   331 | D:1      | Reached XP level 3. HP: 17/23 MP: 3/3
  1015 | D:2      | Reached skill level 3 in Maces & Flails
  1017 | D:2      | Reached XP level 4. HP: 28/29 MP: 4/4
  1336 | D:2      | Identified the +4 war axe of the Trees {freeze, Will- Int+9
                  | Dex+6}
  1624 | D:3      | Identified the +0 trident of Boedghu {flame, Int+4}
  1815 | D:3      | Found a glowing drain.
  1827 | Sewer    | Entered a sewer
  1955 | Sewer    | Reached XP level 5. HP: 33/33 MP: 5/5
  2142 | Sewer    | Identified the +4 battleaxe "Ogrebane" {protect, rPois rC-
                  | rN++ rCorr}
  2151 | Sewer    | Reached skill level 4 in Maces & Flails
  2151 | Sewer    | Reached XP level 6. HP: 24/38 MP: 6/6
  2542 | D:3      | Found Talots's Jewellery Shop.
  3441 | D:4      | Reached XP level 7. HP: 40/44 MP: 7/7
  3961 | D:4      | Reached skill level 5 in Maces & Flails
  3961 | D:4      | Reached skill level 5 in Shields
  3973 | D:4      | Reached skill level 5 in Fighting
  3973 | D:4      | Reached skill level 5 in Armour
  4241 | D:4      | Noticed Edmund
  4266 | D:4      | Killed Edmund
  4417 | D:4      | Noticed Eustachio
  4457 | D:3      | Reached skill level 9 in Maces & Flails
  4457 | D:3      | Reached XP level 8. HP: 54/54 MP: 8/8
  4592 | D:4      | Killed Eustachio
  4596 | D:4      | Noticed Robin
  4615 | D:4      | Killed Robin
  4625 | D:4      | Reached XP level 9. HP: 51/59 MP: 9/9
  4902 | D:4      | Found a radiant altar of Vehumet.
  5309 | D:5      | Entered Level 5 of the Dungeon
  5584 | D:5      | Reached skill level 10 in Maces & Flails
  6200 | D:6      | Found a staircase to the Ecumenical Temple.
  6214 | D:6      | Noticed a gargoyle
  6219 | Temple   | Entered the Ecumenical Temple
  6227 | Temple   | Killed a gargoyle
  6232 | Temple   | Became a worshipper of Warmaster Okawaru
  6733 | D:6      | Found an ancient bone altar of Kikubaaqudgha.
  7045 | D:7      | Noticed Pikel
  7054 | D:7      | Killed Pikel
  7054 | D:7      | Reached * piety under Okawaru
  7055 | D:7      | Reached XP level 10. HP: 53/65 MP: 10/10
  7724 | D:7      | Found a shimmering altar of Xom.
  7919 | D:8      | Reached ** piety under Okawaru
  7920 | D:8      | Reached skill level 11 in Maces & Flails
  8360 | D:8      | Found Gyufy's Firing Range.
  8549 | D:8      | Identified the +1 falchion "Vor Pydd" {speed, rF++ Will+}
  8575 | D:8      | Found a staircase to the Lair.
  8575 | D:8      | Noticed an elephant
  8586 | D:8      | Killed an elephant
  9220 | D:9      | Reached *** piety under Okawaru
  9221 | D:9      | Reached XP level 11. HP: 71/71 MP: 11/11
  9306 | D:9      | Noticed a two-headed ogre
  9329 | D:8      | Reached skill level 1 in Invocations
  9510 | D:9      | Killed a two-headed ogre
  9746 | D:9      | Noticed Erolcha
  9747 | Abyss:2  | Cast into level 2 of the Abyss (Erolcha)
  9777 | Abyss:2  | Noticed a wretched star
  9796 | Abyss:2  | Found a corrupted altar of Lugonu.
  9841 | Abyss:2  | Noticed a tentacled starspawn
  9865 | Abyss:2  | Noticed a rakshasa
  9873 | Abyss:2  | Noticed a wretched star
  9889 | Abyss:2  | Mangled by a shadow wraith

Illustrated notes

Levels and vault maps discovered:
D:1:      dpeg_arrival_subterranean_lakeside_camping, layout_basic,
          minmay_tetromino_l2
D:2:      kennysheep_six_static_rooms, layout_basic, hex_large
D:3:      layout_rooms, serial_shops, nicolae_shop_gaudy_bauble,
          mainiacjoe_sewer_entry_somewhere_in_here_1
D:4:      minmay_goblin_kobold_castle, layout_basic,
          mainiacjoe_overflow_six_doors_small, grunt_ministairs_12,
          minmay_misc_feat_doors, uniq_eustachio, uniq_robin, uniq_edmund
D:5:      layout_rooms, glass_columns_a, minivault_26, minmay_curled_crystal
D:6:      hellmonk_ruined_rings, layout_rooms, kennysheep_mini, serial_rivers,
          chequers_serial_rivers_small_3, chequers_serial_rivers_small_a,
          chequers_serial_rivers_room_b, chequers_serial_rivers_micro_e
D:7:      wander_river, layout_cave_pods, tgw_xom, uniq_pikel
D:8:      layout_loops_corners, grunt_lair_entry_orc_guard_hut,
          nicolae_shop_firing_range
D:9:      layout_cross, nrook_loot_triangle, uniq_erolcha
Temple:   sentei_temple_godly_chess
Abyss:2:  base: D:6, abyss_greek_temple

Skill      XL: |  1  2  3  4  5  6  7  8  9 10 11 |
---------------+----------------------------------+-----
Maces & Flails | 3 4 9 10 11 | 11.6
Armour         | 4 8 9 |  9.5
Fighting       | 4 8 9 |  9.5
Shields        | 4 8 9 |  9.6
Invocations    | 1 |  1.9

Action                     |  1- 3 |  4- 6 |  7- 9 | 10-12 || total
---------------------------+-------+-------+-------+-------++-------
  Melee: Flail             |   135 |   367 |   165 |       ||   667
         Morningstar       |       |       |   277 |   231 ||   508
  Throw: Boomerang         |       |       |       |     2 ||     2
    Use: Scroll            |       |    10 |     7 |     6 ||    23
         Potion            |       |     3 |     1 |     2 ||     6
 Armour: Scale mail        |    39 |       |       |       ||    39
         Chain mail        |    50 |   383 |   437 |       ||   870
         Plate armour      |       |       |    50 |   358 ||   408
  Dodge: Dodged            |    56 |   179 |   215 |   116 ||   566
  Block: Buckler           |    34 |   100 |   133 |    18 ||   285
         Kite shield       |       |       |       |   163 ||   163

Table legend: (Time is in decaauts)
 A = Elapsed time spent in this place.
 B = Non-inter-level travel time spent in this place.
 C = Inter-level travel time spent in this place.
 D = Time resting spent in this place.
 E = Time spent auto-exploring this place.
 F = Levels seen in this place.
 G = Mean time per level.
                   A        B        C        D        E       F      G
               +--------+--------+--------+--------+--------+-----+--------+
         Total |  10203 |   9084 |   1119 |   1593 |   4266 |  12 |  850.2 |
       Dungeon |   9449 |   8336 |   1113 |   1547 |   4156 |   9 | 1049.9 |
        Temple |     18 |     12 |      6 |      0 |      0 |   1 |   18.0 |
         Abyss |    156 |    156 |      0 |      0 |      0 |   1 |  156.0 |
         Sewer |    579 |    579 |      0 |     46 |    110 |   1 |  579.0 |
               +--------+--------+--------+--------+--------+-----+--------+

Top non-repeatable levels by time:
     D:4: 1989 daAuts
     D:8: 1387 daAuts
     D:3: 1372 daAuts
     D:7: 1049 daAuts
     D:2: 902 daAuts
     D:6: 756 daAuts
     D:5: 745 daAuts
     D:1: 686 daAuts
   Sewer: 579 daAuts
     D:9: 560 daAuts
 Abyss:2: 156 daAuts
  Temple: 18 daAuts
